 Dungeon Sprint DCSS version 0.21-a0-442-g848f44b (webtiles) character file.

26 Kidiri the Ruffian (level 2, -20/25 HPs)
             Began as a Draconian Transmuter on Nov 16, 2017.
             Demolished by an ogre
             ... wielding a +0 giant spiked club
              (25 damage)
             ... in the Dungeon (Sprint I: "Red Sonja").
             The game lasted 00:00:35 (265 turns).

Kidiri the Ruffian (Draconian Transmuter)            Turns: 265, Time: 00:00:36

Health: -20/25     AC:  4    Str: 12    XL:     2   Next: 89%
Magic:  0/5        EV: 13    Int: 13    God:
Gold:   0          SH:  0    Dex: 11    Spells: 3/6 levels left

rFire    . . .     SeeInvis .     - Unarmed
rCold    . . .     Gourm    .   (no shield)
rNeg     . . .     Faith    .   (armour unavailable)
rPois    .         Spirit   .   (helmet restricted)
rElec    .         Reflect  .   (no cloak)
rCorr    .         Harm     .   (no gloves)
MR       .....     NoTele   +   (boots currently unavailable)
Stlth    ++........             (no amulet)
HPRegen  0.08/turn              (no ring)
MPRegen  0.09/turn              (no ring)

@: appendage (expiring)
A: unfitting armour, talons 3, cold-blooded, AC +4
a: End Transformation


You were in the Dungeon.
You were not hungry.
You had grown temporary talons.
You visited 1 branch

Inventory:

Missiles
 a - 10 arrows
Scrolls
 i - a scroll of blinking
Potions
 d - a potion of curing
 e - a potion of heal wounds
 f - a potion of haste
 g - 2 potions of magic
Books
 b - a book of Changes

   Spells                             Type                      Level
   a - Beastly Appendage              Transmutation                1
   b - Sticks to Snakes               Transmutation                2
   c - Spider Form                    Transmutation/Poison         3
   d - Ice Form                       Ice/Transmutation            4
   e - Blade Hands                    Transmutation                5
Comestibles
 c - a bread ration


   Skills:
 * Level 2.9 Fighting
 * Level 2.9 Dodging
 + Level 1.4 Stealth
 * Level 3.9 Unarmed Combat
 + Level 2.5 Spellcasting
 * Level 3.2 Transmutations


You had 3 spell levels left.
You knew the following spells:

 Your Spells              Type           Power        Failure   Level  Hunger
a - Beastly Appendage     Tmut           ##....       6%          1    #......
b - Sticks to Snakes      Tmut           ##......     10%         2    ###....


Dungeon Overview and Level Annotations

Branches:
Dungeon (1/1)

Altars:


Innate Abilities, Weirdness & Mutations

Your plain brown scales are hard. (AC +4)
You cannot fit into any form of body armour.
You are cold-blooded and may be slowed by cold attacks.
You have claws for feet.


Message History

Your feet morph into talons.
Unknown command.
You open the door.
An ogre comes into view. It is wielding a giant spiked club.
There is an open door here.
Unknown command.
Unknown command.
The helpless ogre fails to defend itself.
You hit the ogre.
The ogre is lightly wounded.
The ogre hits you with a giant spiked club!!
Ouch! That really hurt!
* * * LOW HITPOINT WARNING * * *
Your ball python bites the ogre.
You swap places.
Your transformation is almost over.
Your ball python bites the ogre. x2
The ogre hits you with a giant spiked club!!
Ouch! That really hurt!
You die...

##########
#<.#..'@S#
#..').#SO+
#..#####+#
#..# #..#
#..# #⌠⌠#
####


You could see an ogre and 2 friendly ball pythons.

Vanquished Creatures
  Ijyb (D)
1 creature vanquished.

Notes
Turn   | Place    | Note
-------+----------+-------------------------------------------
     0 | D        | Kidiri the Draconian Transmuter began the quest for the Orb.
     0 | D        | Reached XP level 1. HP: 16/16 MP: 3/3
     3 | D        | Noticed Ijyb
    11 | D        | Killed Ijyb
    11 | D        | Reached skill level 1 in Stealth
    11 | D        | Reached XP level 2. HP: 5/25 MP: 2/5
   256 | D        | Learned a level 2 spell: Sticks to Snakes
   261 | D        | Noticed an ogre
   265 | D        | Demolished by an ogre

Vault maps used:
D:        dungeon_sprint_1

Skill      XL: |  1 |
---------------+----+-----
Fighting       | 2 |  2.9
Dodging        | 2 |  2.9
Stealth        | 1 |  1.4
Transmutations | 3 |  3.2
Unarmed Combat | |  3.9
Spellcasting   | |  2.5

Action                   || total
-------------------------++-------
Melee: Unarmed           ||     8
       Kick              ||     2
 Cast: Beastly Appendage ||     2
       Sticks to Snakes  ||     2
  Use: Potion            ||     1
 Stab: Sleeping          ||     1
Dodge: Dodged            ||     2

Table legend:
 A = Spawn XP
 B = Non-spawn XP
 C = Spawn XP percentage of total XP
 D = Spawn monster count
 E = Non-spawn monster count
 F = Spawn count percentage of total count
 G = Total turns spent on level
                    A         B        C        D         E        F      G
               +---------+---------+-------+---------+---------+-------+---------
         Total |       0 |      38 |   0.0 |       0 |       1 |   0.0 |   265
               +---------+---------+-------+---------+---------+-------+---------
             D |       0 |      38 |   0.0 |       0 |       1 |   0.0 |   265
               +---------+---------+-------+---------+---------+-------+---------
